 Dungeon Crawl Stone Soup version 0.31.0-12-g77e489cdc1 (webtiles) character file.

Game seed: 16425021739085204137

317 Killerpretzel the Changeling (level 6, -3/41 HPs)
             Began as an Octopode Shapeshifter on Feb 24, 2024.
             Was an Initiate of Vehumet.
             Slain by a phantom (6 damage)
             ... on level 5 of the Dungeon.
             The game lasted 00:03:52 (3527 turns).

Killerpretzel the Changeling (OpSh)                 Turns: 3527, Time: 00:03:53

Health: -3/41      AC:  1    Str: 13    XL:     6   Next: 44%
Magic:  6/6        EV: 14    Int: 13    God:    Vehumet [......]
Gold:   174        SH:  0    Dex: 13    Spells: 5/5 levels left

rFire   . .          .
                       - Unarmed
rCold   . . .        (no shield)
rNeg    . . .        (helmet currently unavailable)
rPois   .            k - amulet of the acrobat
rElec   .            (no ring)
rCorr   .            (no ring)
SInv    .            (no ring)
Will    .....        (no ring)
Stlth   ++           (no ring)
HPRegen 0.26/turn    (no ring)
MPRegen 0.10/turn    (no ring)
                     (no ring)

%: acrobat
@: beast-form
A: beast (slay +2), almost no armour, amphibious, 8 rings, camouflage 1,
gelatinous body 1, (nimble swimmer 1), tentacles
a: Begin Untransformation, Renounce Religion


You were on level 5 of the Dungeon.
You worshipped Vehumet.
Vehumet was noncommittal.
You were a hulking beast.
You visited 1 branch of the dungeon, and saw 5 of its levels.

You collected 174 gold pieces.

Inventory:

Jewellery
 k - an amulet of the acrobat (around mantle)
Talismans
 b - a beast talisman
 c - a flux talisman
 n - a blade talisman
Scrolls
 a - 3 scrolls of immolation
 e - a scroll of teleportation
 h - a scroll of brand weapon
Potions
 d - 2 potions of curing
 f - 3 potions of heal wounds
 g - a potion of attraction
 i - a potion of might {unknown}
 j - a potion of berserk rage {unknown}
 l - 2 potions of enlightenment


   Skills:
 + Level 2.7 Fighting
 + Level 3.3 Dodging
 + Level 4.1 Unarmed Combat
 * Level 4.7 Shapeshifting


You had 5 spell levels left.
You didn't know any spells.
Your spell library contained the following spells:

 Spells                   Type           Power      Damage    Failure   Level
 Summon Ice Beast         Ice/Summ       0%         N/A       67%         3
 Summon Mana Viper        Hex/Summ       0%         N/A       100%        5
 Monstrous Menagerie      Summ           0%         N/A       100%        7


Dungeon Overview and Level Annotations

Branches:
Dungeon (5/15)
 Temple: D:4-7

Altars:
Cheibriados
Kikubaaqudgha
Vehumet

Shops:
D:1 *

Annotations:
D:4 Grinder


Innate Abilities, Weirdness & Mutations

You are a hulking beast.
Your limbs bulge with bestial killing power. (Slay +2)
You cannot wear most types of armour.
You are amphibious.
You can wear up to eight rings at the same time.
Your skin changes colour to match your surroundings (Stealth+).
Your rubbery body absorbs attacks. (AC +1, EV +1)
((You are camouflaged when in or above water. (Stealth+)))
You have tentacles for arms and can constrict up to eight enemies at once.


Message History

The phantom is heavily damaged.
The phantom misses you.
You closely miss the phantom.
The phantom is heavily damaged.
The phantom barely misses you.
You tentacle-slap the phantom. Your squeeze misses the phantom.
The phantom is heavily damaged.
The phantom hits you!
You barely miss the phantom.
The phantom is heavily damaged.
The phantom barely misses you.
You tentacle-slap the phantom.
The phantom is severely damaged.
The phantom hits you.
You closely miss the phantom.
The phantom is severely damaged.
The phantom barely misses you.
You tentacle-slap the phantom.
The phantom is severely damaged.
The phantom hits you.
You closely miss the phantom.
The phantom is severely damaged.
You closely miss the phantom.
The phantom is severely damaged.
The phantom hits you.
* * * LOW HITPOINT WARNING * * *
You closely miss the phantom. You squeeze the phantom.
The phantom is almost destroyed.
The phantom hits you!
* * * LOW HITPOINT WARNING * * *
You tentacle-slap the phantom. Your squeeze misses the phantom.
The phantom is almost destroyed.
The phantom barely misses you.
You tentacle-slap the phantom but do no damage.
The phantom is almost destroyed.
The phantom barely misses you.
You closely miss the phantom.
The phantom is almost destroyed.
The phantom hits you.
You die...

#.. #.# ... #.#
### #.# ..#
####.###
#.###......##
#.(#.#.....#
#..Wh#.#.#.....
#..###.#...#...
#.####..#####
.. ..# #.## ###
#.#
#.##########
####.##.......#
#......<#####.#
#.##.##.......#


You could see a phantom.

Vanquished Creatures
  A hound (D:4)
  2 orc priests (D:3)
  Terence (D:3)
  Natasha (twice) (D:2)
  3 adders (D:4)
  12 dart slugs
  A ribbon worm (D:4)
  10 orcs
  6 ball pythons
  6 bats
  3 endoplasms
  7 goblins
  5 hobgoblins
  9 jackals
  3 quokkas
  3 frilled lizards (D:1)
  14 kobolds
  7 rats
95 creatures vanquished.

Notes
Turn   | Place    | Note
-------+----------+-------------------------------------------
     0 | D:1      | Killerpretzel the Octopode Shapeshifter began the quest for
                  | the Orb.
     0 | D:1      | Reached XP level 1. HP: 13/13 MP: 1/1
    28 | D:1      | Found Wusaell's General Store.
   254 | D:1      | Reached XP level 2. HP: 9/18 MP: 2/2
   534 | D:1      | Reached XP level 3. HP: 14/23 MP: 3/3
   898 | D:2      | Noticed Natasha
   904 | D:2      | Killed Natasha
  1160 | D:2      | Reached XP level 4. HP: 26/29 MP: 4/4
  1257 | D:2      | Noticed Natasha
  1261 | D:2      | Killed Natasha
  1719 | D:3      | Reached XP level 5. HP: 18/34 MP: 5/5
  2260 | D:3      | Found an ancient bone altar of Kikubaaqudgha.
  2334 | D:3      | Noticed Terence
  2345 | D:3      | Killed Terence
  2346 | D:3      | Reached XP level 6. HP: 41/41 MP: 6/6
  2862 | D:4      | Noticed Grinder
  3119 | D:4      | Found a radiant altar of Vehumet.
  3129 | D:4      | Became a worshipper of Vehumet
  3426 | D:4      | Found a snail-covered altar of Cheibriados.
  3482 | D:5      | Entered Level 5 of the Dungeon
  3524 | D:5      | HP: 2/41 [phantom (7)]
  3527 | D:5      | Slain by a phantom

Illustrated notes

Levels and vault maps discovered:
D:1:      lemuel_arrival_broad_hall, layout_loops_cross, serial_shops, shop,
          minivault_25, serial_bayou_crossing
D:2:      minmay_kobold_bridge, layout_basic, uniq_natasha
D:3:      kennysheep_slugbush, layout_basic, mainiacjoe_overflow_cross_hatched,
          uniq_terence
D:4:      layout_cave_pools, nzn_wu_jian_contemplation, lemuel_tele_altar,
          chei_slow_surprise, minmay_misc_feat_pillars, uniq_grinder
D:5:      layout_loops_cross, hangedman_decor_push

Skill      XL: |  1  2  3  4  5 |
---------------+----------------+-----
Fighting       | 2 |  2.7
Shapeshifting  | 4 |  4.7
Dodging        | 3 |  3.3
Unarmed Combat | 4 |  4.1

Action                     |  1- 3 |  4- 6 || total
---------------------------+-------+-------++-------
  Melee: Unarmed           |    55 |   153 ||   208
         Constrict         |    13 |    41 ||    54
         Tentacles         |    10 |    25 ||    35
         Punch             |     1 |     4 ||     5
    Use: Scroll            |     3 |     5 ||     8
         Potion            |       |     1 ||     1
   Stab: Sleeping          |     3 |     8 ||    11
         Distracted        |       |     2 ||     2
 Armour: Skin              |    24 |    57 ||    81
  Dodge: Dodged            |    34 |    80 ||   114
